 Dungeon Crawl Stone Soup version 0.27.1-1-g398f81649c (webtiles) character file.

Game seed: 8672242910105125063

111388 aster the Fencer (level 16, -30/105 HPs)
             Began as a Tengu Monk on Sept 7, 2021.
             Was the Champion of the Shining One.
             Annihilated by an orc warlord (58 damage)
             ... on level 1 of the Orcish Mines on Sept 8, 2021.
             The game lasted 01:46:00 (27018 turns).

aster the Fencer (Tengu Monk)                      Turns: 27018, Time: 01:46:01

Health: -30/105    AC:  9    Str: 12    XL:     16   Next: 57%
Magic:  23/23      EV: 30    Int: 12    God:    the Shining One [******]
Gold:   2289       SH: 14    Dex: 34    Spells: 14/15 levels left

rFire    + . .     SeeInvis .   a - +8 autumn katana {vorpal, Clar}
rCold    . . .     Faith    .   N - +0 kite shield
rNeg     + + +     Spirit   .   l - +1 leather armour {rF+}
rPois    +         Reflect  .   (helmet restricted)
rElec    +         Harm     .   C - +1 cloak {rPois}
rCorr    .         Rampage  .   k - +1 pair of gloves
Will     ++++.     Clarity  +   (boots unavailable)
Stlth    ++........             m - amulet of the acrobat
HPRegen  0.27/turn              w - ring of Elliopio {rElec Dex+6}
MPRegen  0.18/turn              G - ring "Ytumebe Yrru" {*Slow +Blink Will+++ Dex+6 Slay+2}

@: flying quickly and evasively, hasted, glowing, studying 2 skills, very quick
A: beak, talons 3, nimble flight
a: Renounce Religion, Evoke Blink, Divine Shield, Cleansing Flame, Summon Divine
Warrior, Brand Weapon With Holy Wrath


You were on level 1 of the Orcish Mines.
You worshipped the Shining One.
The Shining One was exalted by your worship.
You visited 5 branches of the dungeon, and saw 23 of its levels.
You also visited: Sewer, Ossuary and Volcano.

You collected 2404 gold pieces.
You spent 115 gold pieces at shops.

Inventory:

Hand Weapons
 a - the +8 autumn katana (weapon) {vorpal, Clar}
   (You acquired it on level 1 of the Lair of Beasts)

   It inflicts extra damage upon your enemies.
   Clar:      It protects you against confusion.
 b - a +4 scimitar of flaming
 h - a +2 double sword of holy wrath
 P - a +5 long sword
Missiles
 f - 78 poisoned darts (quivered)
 o - 2 curare-tipped darts
 I - 7 throwing nets
 L - 9 boomerangs of dispersal
 M - 36 boomerangs
 R - 8 silver boomerangs
 T - 2 atropa-tipped darts
Armour
 k - a +1 pair of gloves (worn)
 l - a +1 leather armour of fire resistance (worn)
 C - a +1 cloak of poison resistance (worn)
 N - a +0 kite shield (worn)
 O - +0 steam dragon scales
 S - a scarf of repulsion
 U - +0 fire dragon scales
 Y - a +2 robe of cold resistance
Jewellery
 d - a ring of protection from cold
 i - a +6 ring of strength
 m - an amulet of the acrobat (around neck)
 w - the ring of Elliopio (left hand) {rElec Dex+6}
   (You acquired it on level 5 of the Dungeon)

   [ring of dexterity]

   Dex:       It affects your dexterity (+6).
   rElec:     It insulates you from electricity.
 G - the ring "Ytumebe Yrru" (right hand) {*Slow +Blink Will+++ Dex+6 Slay+2}
   (You found it on level 6 of the Dungeon)

   [ring of dexterity]

   Dex:       It affects your dexterity (+6).
   Slay:      It affects your accuracy & damage with ranged weapons and melee
   (+2).
   +Blink:    It lets you blink.
   *Slow:     It may slow you when you take damage.
   Will:      It greatly increases your willpower.
 Q - a +6 ring of strength
 X - a ring of resist corrosion
Wands
 s - a wand of digging (7)
 u - a wand of iceblast (24)
 x - a wand of paralysis (34)
 B - a wand of mindburst (21)
 F - a wand of flame (59)
 W - a wand of acid (7)
Scrolls
 n - 4 scrolls of immolation
 p - 2 scrolls of holy word
 r - 2 scrolls of magic mapping
 y - 4 scrolls of amnesia
 z - 6 scrolls of teleportation
 D - 3 scrolls of enchant weapon
 E - a scroll of enchant armour
 H - 13 scrolls of identify
 J - 3 scrolls of blinking
 K - 4 scrolls of fog
Potions
 c - 6 potions of brilliance
 e - 3 potions of heal wounds
 g - 8 potions of curing
 j - 3 potions of lignification
 q - 6 potions of haste
 v - 4 potions of resistance
 A - 5 potions of magic
 V - 2 potions of might


   Skills:
 + Level 13.9 Fighting
 + Level 17.3 Long Blades
 - Level 6.0 Throwing
 - Level 5.1 Armour
 + Level 11.7 Dodging
 - Level 3.0 Stealth
 + Level 11.4 Shields
 + Level 8.4 Invocations
 - Level 3.0 Evocations


You had 14 spell levels left.
You knew the following spells:

 Your Spells              Type           Power      Damage    Failure   Level
a - Apportation           Tloc           0%         N/A       54%         1

Your spell library contained the following spells:

 Spells                   Type           Power      Damage    Failure   Level
 Animate Skeleton         Necr           0%         N/A       54%         1
 Corona                   Hex            0%         N/A       54%         1
 Foxfire                  Conj/Fire      0%         2x1d4     54%         1
 Sandblast                Erth           0%         2d4       54%         1
 Summon Small Mammal      Summ           0%         N/A       54%         1
 Passwall                 Tmut/Erth      0%         N/A       69%         2
 Sublimation of Blood     Necr           0%         N/A       69%         2
 Wereblood                Tmut           0%         N/A       69%         2
 Conjure Flame            Conj/Fire      0%         6-21      89%         3
 Ignite Poison            Fire/Tmut/Pois 0%         N/A       89%         3
 Inner Flame              Hex/Fire       0%         N/A       89%         3
 Mephitic Cloud           Conj/Pois/Air  0%         N/A       89%         3
 Airstrike                Air            0%         N/A       100%        4
 Olgreb's Toxic Radiance  Pois           0%         N/A       100%        4
 Summon Lightning Spire   Summ/Air       0%         N/A       100%        4
 Bolt of Magma            Conj/Fire/Erth 0%         4d4       100%        5
 Lee's Rapid Deconstruct  Erth           0%         3d5*      100%        5
 Lightning Bolt           Conj/Air       0%         1d11      100%        5
 Ozocubu's Refrigeration  Ice            0%         4d5       100%        7
 Summon Hydra             Summ           0%         N/A       100%        7
 Ignition                 Fire           0%         3d3       100%        8


Dungeon Overview and Level Annotations

Branches:
Dungeon (11/15)            Temple (1/1) D:5            Lair (6/6) D:11
 Shoals (3/4) Lair:3        Snake (0/4) Lair:3        Slime (0/5) Lair:6
    Orc (2/2) D:9             Elf (0/3) Orc:2         Sewer (visited)
Ossuary (visited)         Volcano (visited)

Altars:
Ashenzari
Cheibriados
Dithmenos
Elyvilon
Fedhas
Gozag
Hepliaklqana
Kikubaaqudgha
Makhleb
Nemelex Xobeh
Okawaru
Qazlal
Ru
Sif Muna
Trog
Uskayaw
Vehumet
Wu Jian
Xom
Yredelemnul
Zin
The Shining One
Jiyva

Shops:
D:6 *   D:8 [[?:   D:9 [   Orc:2 **

Annotations:
D:6 exclusion: oklob plant
D:11 3 runed translucent doors


Innate Abilities, Weirdness & Mutations

You have a beak for a mouth.
You have claws for feet.
Your magical nature lets you fly swiftly and evasively.


Message History

The orc high priest intones a terrible prayer.
The orc warlord hits you with a +7 great mace of draining!!
You block the orc knight's attack.
The orc priest calls down the wrath of Beogh upon you.
Beogh smites you!
* * * LOW HITPOINT WARNING * * *
You block the orc warrior's attack. x2
A mysterious force pulls you upwards. The hatch slams shut behind you.
You feel much better. You block the orc warlord's attack.
The orc knight roars a battlecry!
The orc warlord goes into a battle-frenzy!
You hit the orc warlord. You claw the orc warlord.
The orc warlord is lightly wounded.
The orc warlord hits you with a +7 great mace of draining!!
* * * LOW HITPOINT WARNING * * *
You block the orc knight's attack.
Unknown command.
You feel yourself speed up.
The orc warlord hits you with a +7 great mace of draining!!!
The Shining One protects you from harm! The orc knight closely misses you.
You feel much better. You block the orc warlord's attack.
The orc knight hits you with a +0 great mace!!!
* * * LOW HITPOINT WARNING * * *
You feel much better.
You hit the orc warlord.
You claw the orc warlord, but do no damage.
The orc warlord is lightly wounded.
You block the orc warlord's attack.
The orc knight hits you with a +0 great mace!
* * * LOW HITPOINT WARNING * * *
You slash the orc warlord!
You claw the orc warlord, but do no damage.
You peck the orc warlord, but do no damage.
The orc warlord is moderately wounded.
You slice the orc warlord!! Your peck misses the orc warlord.
The orc warlord is heavily wounded.
The orc warlord hits you with a +7 great mace of draining!!!
Ouch! That really hurt!
You die...

.......##)##............#........
.......#)))##.................#..
.......#.))#...#..........#.###..
....##.#...#...............##.##.
...##..#.))#........##...........
.###.#.#...#......[$...#......##.
##.....#...#.....[>[......#..##..
#......#)).#....o[))........####.
.......#...#...o@.....#......###.
.......#.).#..................###
.......#...#.................## #
..#....#...#....[..##........## #
.##....#...#....[######..##.#.###
####...#...#...)#.#.##.####....#
#...#...#...#........##....##
#...#...#...#..#..#.####.####
##..##'##......#...########.##


You could see an orc warlord (strong) and an orc knight (strong).

Vanquished Creatures
  Kirke (Lair:5)
  Ilsuiw (Shoals:2)
  A stone giant (Shoals:1)
  A fire dragon (Volcano)
  Harold (D:7)
  4 hydras
  3 boulder beetles
  2 two-headed ogres
  An ogre mage (D:11)
  A catoblepas (Lair:6)
  A centaur warrior (Shoals:1)
  15 spriggans (Lair:6)
  9 sea snakes
  A necromancer (Lair:3)
  3 lindwurms (Volcano)
  5 harpies (Shoals:1)
  2 orc knights (Orc:1)
  A deep elf pyromancer (D:11)
  An orc sorcerer (Orc:2)
  3 fauns (Shoals:2)
  4 cyclopes
  13 manticores
  An ugly thing (D:11)
  2 oklob plants (Lair:3)
  4 black mambas
  3 smoke demons (Volcano)
  14 merfolk sirens
  The ghost of nxtlvl the Grappler, a novice TrAK of Lugonu (D:6)
  Maurice (D:8)
  11 cane toads
  A torpor snail (Lair:4)
  A gargoyle (D:10)
  2 water nymphs
  Joseph (D:9)
  3 rime drakes
  An unseen horror (D:11)
  8 komodo dragons
  3 wind drakes (Shoals:2)
  19 merfolk
  6 polar bears
  6 trolls
  5 hornets
  Prince Ribbit (D:5)
  3 dream sheep
  7 blink frogs
  5 snapping turtles
  2 shadows (D:11)
  3 wyverns
  3 wraiths
  54 yaks
  A vampire (D:9)
  4 basilisks
  7 water elementals
  5 steam dragons
  15 water moccasins
  10 orc warriors
  2 ice beasts
  2 sky beasts (D:7)
  2 necrophages
  4 boggarts (Lair:6)
  4 black bears
  6 centaurs
  46 wolves
  4 ogres
  9 kobold brigands
  A wyvern zombie (D:8)
  11 bullfrogs
  5 scorpions
  2 gnoll sergeants
  6 wights
  3 electric eels (Lair:3)
  4 centaur zombies
  A bullfrog zombie (D:3)
  5 quasits (D:6)
  4 hounds
  Crazy Yiuf (D:5)
  13 orc priests
  A bullfrog skeleton (D:6)
  A centaur skeleton (D:6)
  9 jellies
  An iguana (D:4)
  17 orc wizards
  3 polar bear simulacra (Lair:3)
  A wolf simulacrum (Lair:3)
  5 yak simulacra (Lair:3)
  A howler monkey zombie (D:8)
  Robin (D:2)
  6 adders
  21 gnolls
  2 white imps (D:6)
  An ufetubus (D:7)
  4 adder zombies (Ossuary)
  69 orcs
  12 ball pythons
  22 endoplasms
  10 giant cockroaches
  14 goblins
  4 hobgoblins
  6 jackals
  24 kobolds
  2 quokkas
  A ball python skeleton (Ossuary)
  4 bats
  7 frilled lizards
  A hobgoblin skeleton (Ossuary)
  A kobold zombie (Ossuary)
  An orc zombie (Ossuary)
  9 rats
  2 river rat simulacra (Lair:3)
  A butterfly (Lair:3)
686 creatures vanquished.

Vanquished Creatures (others)
  2 humans (Lair:6)
  26 fungi
  39 plants
67 creatures vanquished.

Grand Total: 753 creatures vanquished

Notes
Turn   | Place    | Note
-------+----------+-------------------------------------------
     0 | D:1      | aster the Tengu Monk began the quest for the Orb.
     0 | D:1      | Reached XP level 1. HP: 14/14 MP: 2/2
   197 | D:1      | Reached XP level 2. HP: 14/19 MP: 3/3
   623 | D:1      | Reached XP level 3. HP: 9/23 MP: 4/4
  1108 | D:1      | Found a faded altar of an unknown god.
  1166 | D:1      | Reached skill level 4 in Long Blades
  1288 | D:2      | Noticed Robin
  1591 | D:2      | Killed Robin
  1592 | D:2      | Reached XP level 4. HP: 24/28 MP: 5/5
  2611 | D:2      | Gained mutation: Your magical nature lets you fly swiftly
                  | and evasively. [Tengu growth]
  2611 | D:2      | Reached XP level 5. HP: 12/32 MP: 6/6
  2820 | D:3      | Reached skill level 5 in Long Blades
  3290 | D:3      | Reached XP level 6. HP: 30/38 MP: 7/7
  3305 | D:3      | Found a shadowy altar of Dithmenos.
  3396 | D:3      | Found a stormy altar of Qazlal.
  3610 | D:4      | Found a glowing drain.
  3629 | Sewer    | Entered a sewer
  3661 | Sewer    | Reached skill level 6 in Long Blades
  4337 | D:4      | Reached skill level 1 in Armour
  4337 | D:4      | Reached XP level 7. HP: 35/43 MP: 8/8
  4484 | D:4      | Reached skill level 7 in Long Blades
  4657 | D:5      | Entered Level 5 of the Dungeon
  4766 | D:5      | Found a staircase to the Ecumenical Temple.
  4889 | D:5      | Reached skill level 1 in Throwing
  4911 | D:5      | Reached XP level 8. HP: 42/48 MP: 9/9
  4921 | D:5      | Reached skill level 8 in Long Blades
  5116 | D:5      | Noticed Prince Ribbit
  5131 | D:5      | Killed Prince Ribbit
  5568 | D:5      | Found a runed translucent door.
  5569 | D:5      | Noticed Crazy Yiuf
  5575 | D:5      | Killed Crazy Yiuf
  5755 | D:5      | Identified a scroll of acquirement
  5755 | D:5      | Acquired the ring of Elliopio {rElec Dex+6}
  5870 | D:6      | Found Hoshros's General Store.
  5991 | D:6      | Noticed an oklob plant
  6013 | D:6      | Reached skill level 5 in Dodging
  6015 | D:6      | Reached skill level 9 in Long Blades
  6198 | D:6      | Reached XP level 9. HP: 51/53 MP: 10/10
  6199 | D:6      | Noticed nxtlvl's ghost (novice TrAK)
  6212 | D:6      | Found a transporter.
  6248 | D:6      | Found a transporter.
  6589 | D:6      | Killed nxtlvl's ghost
  6590 | D:6      | Reached skill level 5 in Fighting
  6590 | D:6      | Reached skill level 10 in Long Blades
  6632 | D:6      | Identified the ring "Ytumebe Yrru" {*Slow +Blink Will+++
                  | Dex+6 Slay+2}
  6796 | D:7      | Noticed Harold
  6815 | D:7      | Killed Harold
  6816 | D:7      | Reached skill level 11 in Long Blades
  6816 | D:7      | Reached skill level 5 in Throwing
  6816 | D:7      | Reached XP level 10. HP: 19/59 MP: 11/11
  7127 | D:7      | Found a sand-covered staircase.
  7137 | Ossuary  | Entered an ossuary
  7772 | D:7      | Reached skill level 12 in Long Blades
  8166 | D:7      | Acquired a +2 double sword of holy wrath
  8205 | D:8      | Noticed Maurice
  8219 | D:8      | Killed Maurice
  8294 | D:8      | Found Furo's Magic Scroll Shoppe.
  8297 | D:8      | Bought a scroll of magic mapping for 42 gold pieces
  8297 | D:8      | Bought a scroll of fog for 24 gold pieces
  8356 | D:8      | Found Zaedyz's Armour Shoppe.
  8417 | D:8      | Found Vitiun's Armour Boutique.
  8482 | D:8      | Bought a +0 kite shield for 49 gold pieces
  8565 | D:8      | Found Urasar's Book Boutique.
  9082 | D:9      | Reached skill level 1 in Shields
  9136 | D:9      | Reached skill level 1 in Evocations
  9254 | D:9      | Found a staircase to the Orcish Mines.
  9285 | D:9      | Reached skill level 13 in Long Blades
  9292 | D:9      | Reached XP level 11. HP: 30/64 MP: 12/12
  9483 | D:9      | Found a radiant altar of Vehumet.
  9498 | D:9      | Noticed Joseph
  9523 | D:9      | Killed Joseph
  9936 | D:9      | Found Qemaaguo's Antique Armour Emporium.
 10099 | D:10     | Entered Level 10 of the Dungeon
 10244 | D:10     | Identified the +9 plate armour of Imperfection {Will++
                  | MP+9}
 10342 | D:10     | Found a shimmering altar of Xom.
 10469 | Temple   | Entered the Ecumenical Temple
 10720 | Temple   | Became a worshipper of the Shining One
 10720 | Temple   | Reached * piety under the Shining One
 10720 | Temple   | Reached ** piety under the Shining One
 10975 | D:10     | Noticed a two-headed ogre
 10982 | D:10     | Killed a two-headed ogre
 11076 | D:10     | Identified the +7 glaive of Mibef {freeze, Drain rF++
                  | Dex+6}
 11091 | D:10     | Reached skill level 14 in Long Blades
 11271 | D:11     | Noticed a manticore
 11332 | D:11     | Found a staircase to the Lair.
 11371 | D:11     | Noticed a green ugly thing
 11379 | D:11     | Killed a green ugly thing
 11453 | D:11     | Noticed a two-headed ogre
 11466 | D:11     | Killed a two-headed ogre
 11468 | D:11     | Noticed a deep elf pyromancer
 11483 | D:11     | Killed a deep elf pyromancer
 11534 | D:11     | Noticed an ogre mage
 11546 | D:11     | Noticed a boulder beetle
 11547 | D:11     | Killed an ogre mage
 11572 | D:11     | Killed a boulder beetle
 11573 | D:11     | Reached skill level 15 in Long Blades
 11573 | D:11     | Reached XP level 12. HP: 61/72 MP: 13/13
 11604 | D:11     | Noticed a boulder beetle
 11624 | D:11     | Killed a boulder beetle
 11753 | D:11     | Found a runed translucent door.
 11753 | D:11     | Found a runed translucent door.
 11753 | D:11     | Noticed a tengu reaver
 11753 | D:11     | Noticed a tengu warrior
 11753 | D:11     | Noticed a centaur warrior
 11755 | D:11     | Noticed a fire giant
 11756 | D:11     | Noticed an ettin
 11757 | D:11     | Reached *** piety under the Shining One
 11760 | D:11     | Found a runed translucent door.
 12141 | D:11     | Reached skill level 5 in Shields
 12451 | Lair:1   | Entered Level 1 of the Lair of Beasts
 12539 | Lair:1   | Acquired the +8 autumn katana {vorpal, Clar}
 12539 | Lair:1   | Found the +8 autumn katana {vorpal, Clar}
 12672 | Lair:1   | Found a dark tunnel.
 12735 | Volcano  | Entered a volcano
 12782 | Volcano  | Reached skill level 1 in Invocations
 12850 | Volcano  | Reached skill level 16 in Long Blades
 12955 | Volcano  | Noticed a fire dragon
 12970 | Volcano  | Killed a fire dragon
 13554 | Lair:1   | Reached XP level 13. HP: 79/79 MP: 16/16
 14175 | Lair:2   | Reached skill level 5 in Armour
 14760 | Lair:2   | Identified the +6 chain mail of the Everdark {rF- Will+
                  | MP+9 Int+8}
 14767 | Lair:3   | Found a glowing golden altar of the Shining One.
 15304 | Lair:3   | Found a staircase to the Snake Pit.
 15364 | Lair:3   | Reached **** piety under the Shining One
 15476 | Lair:3   | Learned a level 1 spell: Apportation
 15513 | Lair:3   | Found a staircase to the Shoals.
 17060 | Lair:4   | Reached skill level 5 in Invocations
 17127 | Lair:4   | Reached skill level 10 in Fighting
 17434 | Lair:4   | Found a runed translucent door.
 18385 | Lair:5   | Found a hide-covered altar of Uskayaw.
 18412 | Lair:5   | Found an ornate altar of the Wu Jian Council.
 18474 | Lair:5   | Reached XP level 14. HP: 88/88 MP: 18/18
 19398 | Lair:6   | Entered Level 6 of the Lair of Beasts
 19398 | Lair:6   | Noticed Kirke
 19398 | Lair:6   | Reached ***** piety under the Shining One
 19424 | Lair:5   | Killed Kirke
 19602 | Lair:5   | Reached skill level 10 in Shields
 19602 | Lair:5   | Reached XP level 15. HP: 93/93 MP: 20/20
 19626 | Lair:6   | Found a viscous altar of Jiyva.
 19626 | Lair:6   | Found a staircase to the Slime Pits.
 19723 | Lair:6   | Reached skill level 10 in Dodging
 20976 | Shoals:1 | Entered Level 1 of the Shoals
 22387 | Shoals:2 | Reached skill level 17 in Long Blades
 22395 | Shoals:2 | Reached XP level 16. HP: 94/103 MP: 22/22
 23610 | Shoals:2 | Noticed Ilsuiw
 23635 | Shoals:2 | Killed Ilsuiw
 24282 | Shoals:2 | Acquired a manual of Dodging
 25747 | Orc:1    | Entered Level 1 of the Orcish Mines
 26220 | Orc:2    | Entered Level 2 of the Orcish Mines
 26303 | Orc:2    | Found Rifaw's Specific Store.
 26307 | Orc:2    | Found Soebagg's General Store.
 26901 | Orc:2    | Found a staircase to the Elven Halls.
 26985 | Orc:2    | Reached ****** piety under the Shining One
 27013 | Orc:1    | The Shining One protects you from harm!
 27018 | Orc:1    | Annihilated by an orc warlord

Illustrated notes

Levels and vault maps discovered:
D:1:      eino_arrival_cavern_a, layout_basic,
          shapermc_ecumenical_altar_flowoftime, minmay_misc_feat_iff,
          minivault_14
D:2:      layout_loops_cross, uniq_robin
D:3:      layout_basic, mainiacjoe_overflow_swirl
D:4:      layout_loops_ring, cheibrodos_sewer_entry_drain
D:5:      layout_cave_pools, minmay_temple_entry_sparse_star,
          hangedman_decor_push, corner_web_ring, uniq_prince_ribbit1,
          uniq_crazy_yiuf_cottage
D:6:      lemuel_slime, layout_cave_pools, gammafunk_ghost_stat_death,
          serial_shops, shop_statue, hangedman_decor_lopped,
          mrwooster_statue_mirror
D:7:      layout_loops_ring, nicolae_ossuary_entry_monument, minmay_door_square,
          uniq_harold
D:8:      layout_cave_pools, serial_shops, nicolae_diamond_shop, shop,
          nicolae_shop_statue_plus, kennysheep_mini_moat,
          nicolae_straight_to_the_point, uniq_maurice
D:9:      layout_gridville, vehumet_crystals,
          kennysheep_orc_monster_closet_entryway, serial_shops, shop,
          uniq_joseph
D:10:     layout_long_grid, mainiacjoe_overflow_brackets
D:11:     minmay_the_grid_four_pointed_star_mashed
          [minmay_the_grid_triangle_9x9_wacky_v,
          minmay_the_grid_triangle_9x9_corruption,
          minmay_the_grid_triangle_9x9_fully_insulated_deathbox,
          minmay_the_grid_triangle_9x9_thin_v, minmay_the_grid_prize_big_room],
          layout_stronghold, lair_entry_dummy
Temple:   hc_temple_tempest_star
Lair:1:   layout_cave_pods, nicolae_volcano_entry_lava_flow
Lair:2:   layout_long_grid, minivault_24, lemuel_fruit_fields,
          grunt_megastairs_2
Lair:3:   layout_gridlike, elwin_shoals_entry_stream, dummy_snake_entry,
          basic_altar, eino_house_with_fridge, serial_bayou_shore_a,
          lemuel_fruit_fields, minmay_lair_oklob_chamber
Lair:4:   layout_regular_city, pf_torpor_hydra, lemuel_fruit_fields
Lair:5:   layout_small_grid, nzn_masters_of_martial_movement
Lair:6:   minmay_lair_end_enchanted_forest, layout_hall_layers, slime_altar_1,
          serial_bayou_pond_e, uniq_kirke
Shoals:1: layout_shoals, hangedman_shoals_cup_caves
Shoals:2: layout_shoals, uniq_ilsuiw
Shoals:3: cheibrodos_shoals_roost, layout_shoals, nicolae_shoals_land_atoll
Orc:1:    layout_caves, serial_shops, nicolae_shop_waterfront,
          minmay_orc_barracks
Orc:2:    st_orc_congregation, layout_caves, nicolae_specific_store

Skill      XL: |  1  2  3  4  5  6  7  8  9 10 11 12 13 14 15 16 |
---------------+-------------------------------------------------+-----
Long Blades    | 4 5 6 7 9 11 13 15 16 17 | 17.3
Dodging        | 4 5 6 7 8 9 10 11 | 11.7
Stealth        | 3 |  3.0
Fighting       | 4 5 6 7 8 10 12 13 | 13.9
Armour         | 1 2 3 4 5 |  5.1
Throwing       | 1 4 5 6 |  6.0
Shields        | 1 4 6 8 10 11 | 11.4
Evocations     | 1 3 |  3.0
Invocations    | 3 5 6 7 8 |  8.4

Action                   |  1- 3 |  4- 6 |  7- 9 | 10-12 | 13-15 | 16-18 || total
-------------------------+-------+-------+-------+-------+-------+-------++-------
Melee: Falchion          |    63 |   126 |     7 |       |       |       ||   196
       Kick              |    23 |    42 |    80 |   212 |   348 |   173 ||   878
       Peck              |     9 |    17 |    49 |   118 |   209 |    93 ||   495
       Long sword        |       |       |   138 |    24 |       |       ||   162
       Double sword      |       |       |       |   223 |       |       ||   223
       Scimitar          |       |       |       |    36 |       |       ||    36
       Katana            |       |       |       |    78 |   556 |   311 ||   945
       Short sword       |       |       |       |       |    36 |       ||    36
Throw: Dart              |       |       |    36 |    52 |    46 |    37 ||   171
  Use: Scroll            |     3 |     7 |     6 |     8 |     4 |     2 ||    30
       Potion            |       |     1 |     4 |     3 |     1 |     5 ||    14
 Stab: Sleeping          |     2 |    12 |     5 |    16 |       |       ||    35
       Distracted        |       |       |       |     1 |       |       ||     1
Armor: Robe              |    11 |     1 |       |       |       |       ||    12
       Leather armour    |       |     5 |    40 |     8 |    42 |    15 ||   110
       Steam dragon scal |       |       |       |    22 |       |       ||    22
       Scale mail        |       |       |       |     4 |       |       ||     4
Dodge: Dodged            |    64 |    75 |   139 |   243 |   337 |   197 ||  1055
Block: Kite shield       |       |       |       |    39 |   284 |   172 ||   495
       Buckler           |       |       |       |    68 |     6 |       ||    74
       Rpst.: Falchion   |    16 |    24 |     1 |       |       |       ||    41
       Long sword        |       |       |    36 |     6 |       |       ||    42
       Double sword      |       |       |       |    34 |       |       ||    34
       Scimitar          |       |       |       |     3 |       |       ||     3
       Katana            |       |       |       |    12 |    76 |    41 ||   129
